 Dungeon Crawl Stone Soup version 0.24.0-35-gdb84b6a5db (webtiles) character file.

Game seed: 8663773464008356287, levelgen mode: deterministic

2114 MiernyMiazsz the Cleaver (level 9, -6/75 HPs)
             Began as a Hill Orc Fighter on Nov 19, 2019.
             Killed by divine providence
             ... invoked by an orc priest
              (9 damage)
             ... on level 7 of the Dungeon.
             The game lasted 00:16:16 (6103 turns).

MiernyMiazsz the Cleaver (Hill Orc Fighter)         Turns: 6103, Time: 00:16:19

Health: -6/75      AC:  7    Str: 27    XL:     9   Next: 29%
Magic:  9/9        EV: 12    Int:  8    God:
Gold:   57         SH: 11    Dex: 10    Spells: 8/8 levels left

rFire    . . .     SeeInvis .   a - +3 war axe
rCold    . . .     Gourm    .   c - +0 shield
rNeg     . . .     Faith    .   b - +0 scale mail
rPois    +         Spirit   .   (no helmet)
rElec    .         Reflect  .   (no cloak)
rCorr    .         Harm     .   (no gloves)
MR       .....                  (no boots)
Stlth    ..........             m - amulet of regeneration
HPRegen  0.62/turn              E - +3 ring of evasion
MPRegen  0.11/turn              p - ring of poison resistance

@: mighty, about to teleport
A: no striking features
a: Convert to Beogh


You were on level 7 of the Dungeon.
You were not hungry.

You visited 1 branch of the dungeon, and saw 7 of its levels.

You collected 353 gold pieces.
You spent 296 gold pieces at shops.

Inventory:

Hand Weapons
 a - a +3 war axe (weapon)
Missiles
 g - 58 stones (quivered)
Armour
 b - a +0 scale mail (worn)
 c - a +0 shield (worn)
Jewellery
 e - an uncursed ring of resist corrosion
 m - an amulet of regeneration (around neck)
 p - a ring of poison resistance (right hand)
 E - a +3 ring of evasion (left hand)
Wands
 l - a wand of paralysis (5)
 v - a wand of digging (5)
 x - a wand of random effects (48)
 A - a wand of flame (15)
 B - a wand of acid (12)
Scrolls
 i - 9 scrolls of teleportation
 q - 2 scrolls of magic mapping
 s - a scroll of identify
 w - a scroll of random uselessness {unknown}
 y - a scroll of remove curse
 z - 2 scrolls of immolation
Potions
 h - 2 potions of ambrosia
 k - 3 potions of mutation
 n - 2 potions of lignification
 o - 2 potions of brilliance
 t - 5 potions of degeneration
 u - a potion of agility
 D - a potion of haste
Comestibles
 f - 10 rations


   Skills:
 + Level 5.9 Fighting
 + Level 10.5 Axes
 + Level 6.9 Armour
 + Level 2.4 Dodging
 + Level 1.0 Stealth
 + Level 6.1 Shields


You had 8 spell levels left.
You didn't know any spells.
Your spell library contained the following spells:

 Spells                   Type           Power        Failure   Level  Hunger
 Summon Small Mammal      Summ           #...         96%         1    ##.....
 Call Imp                 Summ           #.......     99%         2    ###....
 Call Canine Familiar     Summ           #.......     100%        3    ####...
 Summon Guardian Golem    Hex/Summ       #.......     100%        3    ####...
 Summon Ice Beast         Ice/Summ       #.......     100%        4    #####..
 Summon Lightning Spire   Summ/Air       #.......     100%        4    #####..


Dungeon Overview and Level Annotations

Branches:
Dungeon (7/15)
 Temple: D:4-7

Altars:
Fedhas
Gozag
Wu Jian

Shops:
D:5 %   D:6 =


Message History

Pain shoots through your body!
* * * LOW HITPOINT WARNING * * *
As you read the scroll of teleportation, it crumbles to dust.
You feel strangely unstable.
You feel sick. The bullfrog closely misses you.
You block the bullfrog skeleton's attack.
You block the bullfrog's attack.
The orc priest mumbles some strange prayers to Beogh against you.
Beogh smites you!
* * * LOW HITPOINT WARNING * * *
The scorpion stings you but does no damage.
The wight closely misses you.
The orc priest invokes the aid of Beogh against you.
You struggle to resist.
You feel better. The bullfrog skeleton hits you.
* * * LOW HITPOINT WARNING * * *
The bullfrog hits you.
* * * LOW HITPOINT WARNING * * *
The orc priest invokes the aid of Beogh against you.
Beogh smites you!
You die...

..... .. ..... .##.#.#.
#.. ..... .....#.#. #..#
.#
.....##.........#...##..
...........(....#.......
......#.................
#..#.###.....§§o§§.....
#....##.....§Zos§§(...
####...#......§o@F§.....
..............§§§§z.....
..............§§§§§..$..
....................##.#
.........(........##...#
.................###.##
.......................
.....^#...........#....
..........†............


You could see a bullfrog, a scorpion, a wight, 2 orc priests, an orc and a
bullfrog skeleton.

Vanquished Creatures
  The ghost of Curus the Cleaver, a novice HOAK of Lugonu (D:5)
  A water moccasin (D:7)
  2 ice beasts
  2 phantoms
  An ogre (D:5)
  A black bear (D:6)
  3 bullfrogs (D:6)
  3 wights (D:7)
  3 howler monkeys
  2 crimson imps (D:5)
  A centaur zombie (D:5)
  A hound (D:6)
  2 orc priests
  A bullfrog skeleton (D:7)
  2 iguanas
  5 worker ants
  A hound skeleton (D:6)
  13 adders
  A shadow imp (D:5)
  An ooze (D:4)
  An adder skeleton (D:6)
  7 worms
  2 dart slugs
  7 leopard geckos
  16 orcs
  A ball python (D:3)
  13 bats
  6 giant cockroaches
  9 hobgoblins
  11 jackals
  12 kobolds
  A quokka (D:3)
  3 frilled lizards
  9 goblins
  A jackal zombie (D:6)
  2 rats
148 creatures vanquished.

Notes
Turn   | Place    | Note
-------+----------+-------------------------------------------
     0 | D:1      | MiernyMiazsz the Hill Orc Fighter began the quest for the
                  | Orb.
     0 | D:1      | Reached XP level 1. HP: 19/19 MP: 1/1
   124 | D:1      | Reached XP level 2. HP: 21/27 MP: 2/2
   276 | D:1      | Reached skill level 3 in Axes
   909 | D:1      | Reached XP level 3. HP: 28/33 MP: 3/3
  1386 | D:2      | Reached skill level 4 in Axes
  1386 | D:2      | Reached XP level 4. HP: 30/40 MP: 4/4
  1963 | D:2      | Found an opulent altar of Gozag.
  2309 | D:2      | Found a faded altar of an unknown god.
  2373 | D:3      | Reached XP level 5. HP: 44/46 MP: 5/5
  2441 | D:3      | Noticed a phantom
  2478 | D:3      | Killed a phantom
  2517 | D:3      | Reached skill level 5 in Axes
  2517 | D:3      | Reached XP level 6. HP: 53/53 MP: 6/6
  2552 | D:3      | Paralysed by a kobold for 7 turns
  2645 | D:3      | Found a blossoming altar of Fedhas.
  2963 | D:3      | Reached skill level 6 in Axes
  3254 | D:4      | Noticed a phantom
  3301 | D:4      | Killed a phantom
  3301 | D:4      | Reached skill level 1 in Dodging
  3301 | D:4      | Reached XP level 7. HP: 22/60 MP: 7/7
  3575 | D:4      | Reached skill level 5 in Armour
  4187 | D:5      | Entered Level 5 of the Dungeon
  4475 | D:5      | Reached skill level 7 in Axes
  4684 | D:5      | Reached skill level 5 in Shields
  4731 | D:5      | Found a runed translucent door.
  4772 | D:5      | Reached skill level 5 in Fighting
  4772 | D:5      | Reached skill level 8 in Axes
  4772 | D:5      | Reached XP level 8. HP: 66/68 MP: 8/8
  4774 | D:5      | Noticed Curus's ghost (novice HOAK)
  4783 | D:5      | Found Voupp's Food Shoppe.
  4793 | D:5      | Bought a ration for 65 gold pieces
  5138 | D:5      | Killed Curus's ghost
  5138 | D:5      | Reached skill level 9 in Axes
  5604 | D:6      | Reached XP level 9. HP: 65/75 MP: 9/9
  5608 | D:6      | Reached skill level 10 in Axes
  5702 | D:6      | Found Deak's Jewellery Shop.
  5705 | D:6      | Bought a +3 ring of evasion for 231 gold pieces
  6005 | D:7      | Found an ornate altar of the Wu Jian Council.
  6025 | D:7      | Reached skill level 1 in Stealth
  6102 | D:7      | HP: 1/75 [orc priest/divine providence (11)]
  6103 | D:7      | Killed from afar by an orc priest

Levels and vault maps discovered:
D:1:      evilmike_arrival_run_for_it, layout_basic
D:2:      layout_rooms, overflow_temple_1_default,
          chequers_ecumenical_altar_grove, first_ration
D:3:      layout_basic, fedhas_ov_isle_minmay
D:4:      layout_loops_corners
D:5:      layout_loops_corners, ebering_ghost_sewer_d, serial_shops,
          nicolae_shop_stone
D:6:      layout_gridville, serial_shops, shop
D:7:      layout_rooms, chequers_temple_overflow_statue_of_worship,
          marbit_many_paths, minmay_temple_entry_proselytizer, minivault_1

Skill      XL: |  1  2  3  4  5  6  7  8  9 |
---------------+----------------------------+-----
Fighting       | 4 5 |  5.9
Axes           | 3 4 5 6 8 9 10 | 10.5
Shields        | 4 5 6 |  6.1
Armour         | 4 5 6 |  6.9
Dodging        | 1 2 |  2.4
Stealth        | 1 |  1.0

Action                   |  1- 3 |  4- 6 |  7- 9 || total
-------------------------+-------+-------+-------++-------
Melee: War axe           |   126 |   233 |   238 ||   597
  Use: Scroll            |       |     7 |    11 ||    18
       Potion            |       |       |     3 ||     3
  Eat: Chunk             |     2 |     2 |     2 ||     6
       Ration            |       |     2 |     2 ||     4
Armor: Scale mail        |    75 |    99 |    65 ||   239
Dodge: Dodged            |    61 |    68 |    96 ||   225
Block: Shield            |    83 |   116 |   118 ||   317
